 Dungeon Crawl Stone Soup version 0.31-a0-846-gb3bcc0d938 (webtiles) character file.

Game seed: 2177761107493269814

146 MachoJfn the Insei (level 5, -1/37 HPs)
             Began as a Djinni Shapeshifter on Apr 14, 2023.
             Was a Follower of Yredelemnul.
             Slain by a worm (8 damage)
             ... on level 3 of the Dungeon on Oct 3, 2023.
             The game lasted 00:21:57 (3597 turns).

MachoJfn the Insei (Djinni Shapeshifter)            Turns: 3597, Time: 00:21:57

Health: -1/37      AC:  2    Str: 11    XL:     5   Next: 53%
Gold:   97         EV: 13    Int: 18    God:    Yredelemnul [*.....] SH:  0 Dex: 14

rFire   + + .        o - +7 bardiche "Zexkiremn" {heavy, Int+4}
rCold   x . .        (shield currently unavailable)
rNeg    . . .        a - +0 robe
rPois   ∞            (helmet currently unavailable)
rElec   .            (cloak currently unavailable)
rCorr   .            (gloves currently unavailable)
SInv    .            (boots unavailable)
Will    .....        (no amulet)
Stlth   +            g - ring of wizardry
HPRegen 0.26/turn    (no ring)
MPRegen 0.00/turn

%: wizardry (x1), infuse magic (-2 HP)
@: beast-form, flying
A: beast (slay +0), flying, sickness immunity, fire resistance 2, cold
vulnerability 1, float, innate caster, HP casting, extra vitality 1
a: Begin Untransformation, Renounce Religion, Recall Undead Harvest


You were on level 3 of the Dungeon.
You worshipped Yredelemnul.
Yredelemnul was noncommittal.
You were a hulking beast.
You visited 1 branch of the dungeon, and saw 3 of its levels.

You collected 97 gold pieces.

Inventory:

Hand Weapons
 o - the +7 bardiche "Zexkiremn" (weapon) {heavy, Int+4}
   (You acquired it on level 3 of the Dungeon)

   Int+4:     It affects your intelligence (+4).
Missiles
 f - 34 stones
 h - 3 throwing nets
Armour
 a - a +0 robe (worn)
Jewellery
 g - a ring of wizardry (left hand)
Talismans
 i - a beast talisman (active)
 m - a flux talisman
 n - a serpent talisman
 q - a beast talisman (active)
Scrolls
 k - a scroll of teleportation
Potions
 b - a potion of lignification
 d - 2 potions of ambrosia
 p - a potion of magic (quivered)


   Skills:
 + Level 1.1 Fighting
 + Level 0.1 Polearms
 + Level 3.1 Dodging
 + Level 0.4 Stealth
 + Level 4.5 Unarmed Combat
 + Level 2.3 Spellcasting
 + Level 2.3 Conjurations
 + Level 2.3 Hexes
 + Level 2.3 Summonings
 + Level 2.3 Necromancy
 + Level 2.3 Translocations
 + Level 2.3 Transmutations
 + Level 2.3 Fire Magic
 + Level 2.3 Ice Magic
 + Level 2.3 Air Magic
 + Level 2.3 Earth Magic
 + Level 2.3 Poison Magic


You knew the following spells:

 Your Spells              Type           Power      Damage    Failure   Level
b - Wereblood             Tmut           10%        N/A       4%          2
e - Sting                 Tmut/Pois      40%        1d5       2%          1
f - Call Imp              Summ           20%        N/A       4%          2
Your spell library was empty.

Dungeon Overview and Level Annotations

Branches:
Dungeon (3/15)

Altars:
Yredelemnul
Zin

Shops:
D:3 *


Innate Abilities, Weirdness & Mutations

You are a hulking beast.
Your limbs bulge with bestial killing power. (Slay +0)
You are flying.
You are immune to sickness and miasma.
You are immune to poison.
Your flesh is very heat resistant. (rF++)
You are vulnerable to cold. (rC-)
You float through the air rather than walking.
You learn spells naturally, not from books.
Your magical power is your life essence.
You have superior vitality. (+4 MHP)


Message History

The adder closely misses you.
Your orc zombie misses the adder.
You slice the adder!!
You feel a bit better.
You kill the adder!
The dead are slithering!
Your orc zombie hits the frilled lizard.
The frilled lizard misses you.
Your orc zombie misses the frilled lizard.
Your orc zombie barely misses the frilled lizard.
Your orc zombie completely misses the frilled lizard.
The frilled lizard bites you.
* * * LOW HITPOINT WARNING * * *
You slice the frilled lizard!!
You feel a bit better.
You kill the frilled lizard!
The dead are walking!
Your primal bloodlust is almost over.
Your adder zombie bites the worm.
The worm bites your frilled lizard zombie!
Your adder zombie bites the worm but does no damage.
The worm bites your frilled lizard zombie!
Your frilled lizard zombie is destroyed!
Your adder zombie bites the worm.
You swap places.
The worm closely misses you.
Your adder zombie bites the worm.
There is an open door here.
You barely miss the worm.
The worm is lightly wounded.
You howl as the wereblood boils in your veins!
Your adder zombie bites the worm. x2; The worm bites your adder zombie.
Your adder zombie completely misses the worm.
You barely miss the worm.
The worm is moderately wounded.
Your primal bloodlust has ended.
Your adder zombie bites the worm.
The worm bites you!
* * * LOW HITPOINT WARNING * * *
Your adder zombie bites the worm.
The worm bites you but does no damage.
Your adder zombie bites the worm.
You barely miss the worm.
The worm is heavily wounded.
Your adder zombie bites the worm. x2; The worm bites you!
You die...
Your body rises from the dead as a mindless zombie.

#.........###.
######......##.#⌠_.
#....#......##.###.
#....##.....##..#..
#....##.....###...#
#....##.....###..<.
#........####......
#ZZZ.#####**#......
*##h###****#.......#
#..w......##........
#..Z.####.##......#.
#....#***,*##.....#.
###...,,,,**...##.##
#...#****#..#,#..,
*##...,,,,...*,*..,
****,,...#,,***,,,*,,,
****,,,,,,,,,,,***+*,*,,,


You could see a worm (ally target), a friendly adder zombie, a friendly
endoplasm zombie and 2 friendly orc zombies.

Vanquished Creatures
  5 adders
  3 worms (D:2)
  2 dart slugs (D:1)
  2 orcs (D:3)
  4 ball pythons
  8 bats
  9 endoplasms
  4 giant cockroaches (D:1)
  4 goblins
  3 hobgoblins
  4 jackals
  7 kobolds
  2 quokkas (D:1)
  8 frilled lizards
  8 rats
73 creatures vanquished.

Vanquished Creatures (collateral kills)
  An adder (D:3)
  An orc (D:3)
  An endoplasm (D:3)
3 creatures vanquished.

Vanquished Creatures (others)
  A frilled lizard zombie (D:3)
  A kobold zombie (D:3)
  An orc zombie (D:3)
3 creatures vanquished.

Grand Total: 79 creatures vanquished

Notes
Turn   | Place    | Note
-------+----------+-------------------------------------------
     0 | D:1      | MachoJfn the Djinni Transmuter began the quest for the Orb.
     0 | D:1      | MachoJfn set off with the following spells memorised:
                  | Beastly Appendage, Wereblood, Spider Form, Ice Form.
     0 | D:1      | Reached XP level 1. HP: 17/17 MP: 0/0
   142 | D:1      | Reached XP level 2. HP: 7/22 MP: 0/0
   349 | D:1      | Upgraded the game from 0.30-a0-1075-gcd70e7a56d to
                  | 0.30-a0-1114-gd936c97349
   553 | D:1      | Reached XP level 3. HP: 16/27 MP: 0/0
   553 | D:1      | Learned a level 1 spell: Sting
  1659 | D:1      | Upgraded the game from 0.30-a0-1114-gd936c97349 to
                  | 0.30-a0-1157-g2cc9ac7196
  1662 | D:2      | Found a faded altar of an unknown god.
  1721 | D:2      | Reached XP level 4. HP: 17/32 MP: 0/0
  1740 | D:2      | Reached skill level 4 in Unarmed Combat
  2279 | D:2      | Reached XP level 5. HP: 28/37 MP: 0/0
  2279 | D:2      | Learned a level 2 spell: Call Imp
  2698 | D:2      | Prayed at the altar of an unknown god.
  2698 | D:2      | Became a worshipper of Yredelemnul the Dark
  2698 | D:2      | Reached * piety under Yredelemnul
  2976 | D:2      | Upgraded the game from 0.30-a0-1157-g2cc9ac7196 to
                  | 0.31-a0-846-gb3bcc0d938
  3243 | D:3      | Found Zin's Purification Station.
  3250 | D:3      | Found a glowing silver altar of Zin.
  3479 | D:3      | Identified a scroll of acquirement
  3480 | D:3      | Acquired the +7 bardiche "Zexkiremn" {heavy, Int+4}
  3597 | D:3      | Slain by a worm

Illustrated notes

Levels and vault maps discovered:
D:1:      scummos_arrival_checkerplants, layout_loops_ring, minmay_cut_off
D:2:      kennysheep_big_flooded_room, layout_loops_ring,
          shapermc_ecumenical_altar_venn, serial_rivers,
          chequers_serial_rivers_room_b, chequers_serial_rivers_small_3,
          chequers_serial_rivers_micro_b, chequers_serial_rivers_small_a,
          chequers_serial_rivers_micro_b, kennysheep_generic_room_13
D:3:      layout_basic, zin_purify, grunt_decor_fettered

Skill      XL: |  1  2  3  4 |
---------------+-------------+-----
Spellcasting   | 2 |  2.3
Unarmed Combat | 4 |  4.5
Dodging        | 3 |  3.1
Fighting       | |  1.1
Polearms       | |  0.1
Stealth        | |  0.4
Conjurations   | |  2.3
Hexes          | |  2.3
Summonings     | |  2.3
Necromancy     | |  2.3
Translocations | |  2.3
Transmutations | |  2.3
Fire Magic     | |  2.3
Ice Magic      | |  2.3
Air Magic      | |  2.3
Earth Magic    | |  2.3
Poison Magic   | |  2.3

Action                     |  1- 3 |  4- 6 || total
---------------------------+-------+-------++-------
  Melee: Unarmed           |    95 |   116 ||   211
         Headbutt          |    12 |     9 ||    21
         Punch             |     2 |     1 ||     3
         Bardiche          |       |    14 ||    14
   Cast: Beastly Appendage |    24 |    21 ||    45
         Sting             |    23 |     7 ||    30
         Wereblood         |       |     5 ||     5
         Call Imp          |       |     1 ||     1
 Invoke: Recall Undead Har |       |     1 ||     1
    Use: Scroll            |     1 |     8 ||     9
 Armour: Robe              |    11 |    45 ||    56
  Dodge: Dodged            |    64 |    93 ||   157
   Form: Beast             |       |     3 ||     3
         Flux              |       |     2 ||     2
                           |       |     1 ||     1

Table legend: (Time is in decaauts)
 A = Elapsed time spent in this place.
 B = Non-inter-level travel time spent in this place.
 C = Inter-level travel time spent in this place.
 D = Time resting spent in this place.
 E = Time spent auto-exploring this place.
 F = Levels seen in this place.
 G = Mean time per level.
                   A        B        C        D        E       F      G
               +--------+--------+--------+--------+--------+-----+--------+
         Total |   3603 |   2745 |    858 |    612 |   1442 |   3 | 1201.0 |
       Dungeon |   3603 |   2745 |    858 |    612 |   1442 |   3 | 1201.0 |
               +--------+--------+--------+--------+--------+-----+--------+

Top non-repeatable levels by time:
     D:1: 1654 daAuts
     D:2: 1573 daAuts
     D:3: 375 daAuts
